 Dungeon Crawl Stone Soup version 0.18-a0-1572-g0a86841 (webtiles) character file.

179 Oddball22 the Ducker (level 5, -3/27 HPs)
             Began as a Spriggan Warper on Mar 15, 2016.
             Slain by an elf zombie (8 damage)
             ... in an ossuary.
             The game lasted 00:08:52 (3319 turns).

Oddball22 the Ducker (Spriggan Warper)              Turns: 3319, Time: 00:08:52

Health: -3/27      AC:  2    Str:  7    XL:     5   Next: 33%
Magic:  10/10      EV: 20    Int: 15    God:
Gold:   145        SH:  0    Dex: 16    Spells: 4 memorised, 1 level left

rFire  . . .     SeeInvis +     k - +3 short sword
rCold  . . .     Gourm    .     b - +0 robe
rNeg   . . .     Faith    .     (shield restricted)
rPois  .         Spirit   .     (helmet restricted)
rElec  .         Dismiss  .     (no cloak)
rCorr  .         Reflect  .     (gloves unavailable)
SustAt .         Harm     .     (boots unavailable)
MR     +....                    (no amulet)
Stlth  +.........               (no ring)
                                p - ring of protection from magic

@: very quick, somewhat resistant to hostile enchantments, very unstealthy
A: unfitting armour, see invisible, herbivore 3, speed 3, slow metabolism 2
a: no special abilities


You were in an ossuary.
You were not hungry.

You visited 1 branch of the dungeon, and saw 4 of its levels.
You also visited: Ossuary.

You collected 145 gold pieces.

Inventory:

Hand Weapons
 k - a +3 short sword (weapon)
 m - a +0 hunting sling
Missiles
 a - 43 arrows
 e - 5 tomahawks of dispersal
 j - 78 stones (quivered)
Armour
 b - a +0 robe (worn)
Jewellery
 p - a ring of protection from magic (left hand)
Scrolls
 d - 4 scrolls of blinking
 g - a scroll of fear {unknown}
 n - 2 scrolls of fog
 o - 2 scrolls of identify
 q - a scroll of amnesia {unknown}
 r - a scroll of teleportation {unknown}
 s - a scroll of recharging {unknown}
Potions
 i - a potion of magic {unknown}
 l - 2 potions of curing {unknown}
 t - a potion of flight {unknown}
 v - a potion of haste {unknown}
Books
 c - a book of Spatial Translocations

   Spells                             Type                      Level
   a - Apportation                    Translocation                1
   b - Blink                          Translocation                2
   c - Shroud of Golubria             Charms/Translocation         2
   d - Portal Projectile              Translocation                3
   e - Teleport Other                 Translocation                3
   f - Passage of Golubria            Translocation                4
Comestibles
 f - 7 bread rations
 h - 4 fruits
 u - a royal jelly


   Skills:
 + Level 2.6 Fighting
 * Level 4.4 Short Blades
 - Level 1.0 Throwing
 + Level 5.3 Dodging
 - Level 2.6 Spellcasting
 - Level 4.4 Translocations


You had one spell level left.
You knew the following spells:

 Your Spells              Type           Power        Failure   Level  Hunger
a - Apportation           Tloc           ###.......   3%          1    #......
b - Blink                 Tloc           N/A          6%          2    ##.....
c - Shroud of Golubria    Chrm/Tloc      #.........   14%         2    ##.....
d - Teleport Other        Tloc           ###.....     12%         3    ###....


Dungeon Overview and Level Annotations

Branches:
Dungeon (4/15)
 Temple: D:4-7

Altars:
Gozag
Nemelex Xobeh
Okawaru
Vehumet


Innate Abilities, Weirdness & Mutations

You are tiny and cannot use many weapons and most armour.
You have supernaturally acute eyesight.
You are a herbivore.
You cover ground extremely quickly.
You need consume almost no food.


Message History

The mummy misses you.
You puncture the mummy!
You destroy the mummy!
You hit the elf zombie. The elf zombie hits you.
You puncture the elf zombie! You hit the elf zombie.
The elf zombie closely misses you.
You closely miss the elf zombie. The elf zombie hits you.
You closely miss the elf zombie. You puncture the elf zombie!
The elf zombie hits you.
You hit the elf zombie. The elf zombie completely misses you.
You hit the elf zombie. The elf zombie completely misses you.
You closely miss the elf zombie. You puncture the elf zombie!
The elf zombie hits you.
You hit the elf zombie. The elf zombie closely misses you.
You closely miss the elf zombie. You closely miss the elf zombie.
The elf zombie hits you!
* * * LOW HITPOINT WARNING * * *
You hit the elf zombie. The elf zombie closely misses you.
You hit the elf zombie. The elf zombie hits you!
You die...

###.###
##..(.(##
#Z..(...#
.......
..(.. ...
#(# #Z#
###@###
##.....##
#.......#
##...∩...##
+...∩∩∩...+
##...∩...##
#.......#
##.....##
###.###


You could see an elf zombie.

Vanquished Creatures
  Jessica (D:2)
  A mummy (Ossuary)
  5 adders
  4 gnolls (D:3)
  A worm (D:3)
  3 giant geckos
  9 bats
  A giant cockroach (D:1)
  4 goblins
  8 hobgoblins (D:2)
  3 jackals (D:3)
  5 kobolds
  A quokka (D:2)
  A ball python (D:2)
  3 giant newts
  6 rats
56 creatures vanquished.

Notes
Turn   | Place    | Note
--------------------------------------------------------------
     0 | D:1      | Oddball22 the Spriggan Warper began the quest for the Orb.
     0 | D:1      | Reached XP level 1. HP: 10/10 MP: 5/5
   259 | D:1      | Reached skill level 4 in Dodging
   586 | D:2      | Found a radiant altar of Vehumet.
   593 | D:2      | Reached XP level 2. HP: 15/15 MP: 6/6
   645 | D:2      | Noticed Jessica
   661 | D:2      | Killed Jessica
   661 | D:2      | Reached XP level 3. HP: 18/18 MP: 8/8
  1232 | D:2      | Reached XP level 4. HP: 16/23 MP: 9/9
  1405 | D:2      | Found a sparkling altar of Nemelex Xobeh.
  1405 | D:2      | Found an opulent altar of Gozag.
  1634 | D:2      | Found an iron altar of Okawaru.
  1948 | D:2      | Found a faded altar to an unknown god.
  2556 | D:3      | Reached skill level 5 in Dodging
  2590 | D:3      | Reached XP level 5. HP: 27/27 MP: 10/10
  3251 | D:4      | Learned a level 2 spell: Blink
  3254 | D:4      | Learned a level 2 spell: Shroud of Golubria
  3258 | D:4      | Learned a level 3 spell: Teleport Other
  3266 | D:4      | Found a sand-covered staircase.
  3279 | Ossuary  | Entered an ossuary
  3319 | Ossuary  | Slain by an elf zombie

Vault maps used:
D:1:      minmay_arrival_split_and_join
D:2:      grunt_temple_overflow_opulence, nicolae_overflow_crystal_walls,
          old_standard_altar, ecumenical_altar_1, grunt_ministairs_9,
          uniq_crazy_yiuf_cottage, uniq_jessica
D:3:      kennysheep_generic_room_15
D:4:      minmay_temple_entry_statues_fountains, first_bread,
          nicolae_ossuary_entry_ruins, minmay_misc_feat_encased
Ossuary:  ossuary_minmay_four_chambers

Skill      XL: |  1  2  3  4 |
---------------+-------------+-----
Dodging        | 4 5 |  5.3
Fighting       | 2 |  2.6
Short Blades   | 3 4 |  4.4
Throwing       | |  1.0
Spellcasting   | |  2.6
Translocations | |  4.4

Action                   |  1- 3 |  4- 6 || total
-------------------------+-------+-------++-------
Melee: Short sword       |    65 |    99 ||   164
 Fire: Hunting sling     |       |    64 ||    64
Throw: Stone             |    13 |       ||    13
  Use: Scroll            |     2 |       ||     2
 Stab: Sleeping          |       |     1 ||     1
